 Dungeon Crawl Stone Soup version 0.17-a0-1941-gcc30b76 (webtiles) character file.

15514 Kuldar the Fighter (level 12, -1/181 HPs)
             Began as a Minotaur Chaos Knight on Sept 30, 2015.
             Slain by a red ugly thing (16 damage)
             ... on level 12 of the Dungeon.
             The game lasted 00:49:34 (9586 turns).

Kuldar the Fighter (Minotaur Chaos Knight)          Turns: 9586, Time: 00:49:38

Health: -1/181     AC: 18    Str: 27    XL:     12   Next: 1%
Magic:  11/11      EV: 19    Int: 11    God:    Xom [....*.]
Gold:   621        SH: 22    Dex: 12    Spells: 0 memorised, 11 levels left

rFire  . . .     SeeInvis .     a - +4 falchion (chaos)
rCold  . . .     Clarity  .     C - +5 ring mail "Vojae" {rN+}
rNeg   + . .     SustAt   .     y - +2 large shield
rPois  +         Gourm    .     (helmet unavailable)
rElec  .         Spirit   .     s - +1 cloak
rCorr  .         Warding  .     (no gloves)
rMut   .         Stasis   .     N - +0 pair of boots
MR     .....                    (no amulet)
Stlth  ..........               D - +6 ring of evasion
                                h - ring of poison resistance

@: berserking (expiring), very slightly contaminated, very quick, not resistant
to hostile enchantments, extremely unstealthy
A: retaliatory headbutt, horns 3, large bone plates 1, agile 1, clever 1, robust
1
a: Renounce Religion


You were on level 12 of the Dungeon.
You worshipped Xom.
You were a beloved toy of Xom.
You were hungry.

You visited 1 branch of the dungeon, and saw 12 of its levels.

You collected 621 gold pieces.

Inventory:

Hand weapons
 a - a +4 falchion of chaos (weapon)
 i - a +0 scythe of flaming
 l - a +4 scimitar of flaming
 o - a +1 trident of distortion
 x - a +2 war axe of holy wrath
Armour
 s - a +1 cloak (worn)
 y - a +2 large shield (worn)
 C - the +5 ring mail "Vojae" (worn) {rN+}
   (You found it on level 5 of the Dungeon)

   It protects you from negative energy.
 N - a +0 pair of boots (worn)
Jewellery
 g - an uncursed ring of flight
 h - a ring of poison resistance (left hand)
 p - an uncursed ring of teleportation
 w - an uncursed ring of protection from fire
 D - a +6 ring of evasion (right hand)
Magical devices
 b - a wand of enslavement (24)
 O - a wand of draining (9)
 P - a wand of draining (6)
Scrolls
 e - 5 scrolls of identify
 j - 5 scrolls of remove curse
 m - a scroll of fear
 n - 2 scrolls of noise
 B - a scroll of enchant armour
 F - 2 scrolls of recharging
 L - 2 scrolls of amnesia
Potions
 f - a potion of haste
 r - a potion of ambrosia
 z - 7 potions of curing
Books
 E - the Disquisition on Calling
   (You found it on level 7 of the Dungeon)

   Spells                             Type                      Level
   a - Summon Demon                   Summoning                    5
   b - Summon Forest                  Summoning/Translocation      5
   c - Dragon's Call                  Summoning                    9
 K - the Almanac of Cold
   (You found it on level 8 of the Dungeon)

   Spells                             Type                      Level
   a - Ensorcelled Hibernation        Hexes/Ice                    2
   b - Throw Icicle                   Conjuration/Ice              4
   c - Ice Form                       Ice/Transmutation            4
   d - Condensation Shield            Ice                          4
Miscellaneous
 G - a box of beasts
 I - a box of beasts {used: 4}
Comestibles
 c - 7 bread rations
 d - 7 meat rations
 k - a chunk of flesh
 q - 2 slices of pizza
 A - a royal jelly
 H - 5 beef jerkies


   Skills:
 + Level 11.2 Fighting
 + Level 11.2 Long Blades
 + Level 10.8 Armour
 + Level 9.9 Dodging
 + Level 10.0 Shields


You had 11 spell levels left.
You didn't know any spells.

Dungeon Overview and Level Annotations

Branches:
Dungeon (12/15)            Temple (0/1) D:5
   Lair: D:8-11         Orc: D:9-12

Altars:
Ashenzari
Fedhas
Gozag
Nemelex Xobeh
Okawaru
Trog
Yredelemnul


Innate Abilities, Weirdness & Mutations

You reflexively headbutt those who attack you in melee.
You have a pair of large horns on your head.
You are partially covered in large bone plates (AC +2, SH +2).
You are agile. (Dex +2)
Your mind is acute. (Int +2)
You are robust (+10% HP).


Message History

You destroy the wight!
Your Shields skill increases to level 10! "First here, now there."
You swap places with the red ugly thing.
Some monsters swap places.
The cyan ugly thing looks rather confused.
The cyan ugly thing barely misses the red ugly thing.
The crimson imp laughs crazily.
You slice the red ugly thing!!
The red ugly thing is heavily wounded.
You block the red ugly thing's attack.
You hit the red ugly thing. You headbutt the red ugly thing!
The red ugly thing is almost dead.
You hit the red ugly thing.
You feel better.
The red ugly thing is almost dead.
The red ugly thing bites you.
* * * LOW HITPOINT WARNING * * *
You are engulfed in flames!
You die...
Xom cackles wildly!

##...###..#
##+#..W## #..#
####.?#...# #.)#
#....##..#####..#
....#?.........#
#..#!......R..#
#..##########'#
#.))5....u....#
#..†R.@u......#
############..#
...# §...# #####


You could see 2 ugly things, a rakshasa and a crimson imp.

Vanquished Creatures
  Erica (D:8)
  A hydra (D:12)
  2 hill giants
  An unseen horror (D:9)
  Pikel (D:9)
  An ugly thing (D:11)
  A manticore (D:11)
  A cyclops (D:10)
  Maurice (D:9)
  Joseph (D:9)
  A two-headed ogre (D:8)
  2 trolls
  4 wyverns
  Sigmund (D:4)
  6 yaks
  2 hippogriffs (D:10)
  A hungry ghost (D:9)
  4 wolves
  Menkaure (D:7)
  Edmund (D:5)
  A soldier ant (D:10)
  2 black bears
  An ogre (D:12)
  2 phantoms
  A spider (D:12)
  A slave (D:9)
  3 orc warriors
  A wasp (D:9)
  3 ice beasts
  5 sky beasts
  14 centaurs
  A crocodile (D:9)
  3 big kobolds
  3 giant frogs
  A wyvern zombie (D:7)
  A scorpion (D:10)
  3 killer bees (D:7)
  A wight (D:12)
  A crimson imp (D:7)
  6 hounds
  3 orc priests
  2 quasits (D:10)
  5 giant frog skeletons
  A centaur zombie (D:7)
  6 orc wizards
  A giant frog zombie (D:10)
  Crazy Yiuf (D:3)
  Ijyb (D:2)
  Terence (D:2)
  2 centaur skeletons
  4 iguanas
  Natasha (twice) (D:2)
  A killer bee zombie (D:9)
  A sheep (D:11)
  7 worker ants
  A hound zombie (D:10)
  A hound skeleton (D:4)
  A worker ant zombie (D:5)
  Robin (D:3)
  4 gnolls (D:7)
  7 adders
  2 shadow imps (D:6)
  3 oozes
  2 adder skeletons
  2 worms (D:3)
  7 giant geckos
  An orc (shapeshifter) (D:3)
  44 orcs
  3 giant cockroaches
  8 hobgoblins
  13 kobolds
  6 bats
  A giant gecko zombie (D:7)
  7 giant newts
  13 goblins
  A goblin (shapeshifter) (D:3)
  4 jackals
  3 quokkas
  A quokka skeleton (D:5)
  7 rats
269 creatures vanquished.

Vanquished Creatures (collateral kills)
  A hydra (D:11)
  An ugly thing (D:11)
  A cyclops (D:8)
  A troll (D:8)
  A yak (D:10)
  A necrophage (D:9)
  2 orc warriors (D:6)
  A giant frog (D:9)
  A wyvern skeleton (D:9)
  3 hounds
  2 crimson imps
  A hound skeleton (D:6)
  A shadow imp (D:8)
  4 orcs (D:6)
  A kobold (D:9)
22 creatures vanquished.

Vanquished Creatures (others)
  A dancing weapon (D:12)
  An adder (D:8)
  An adder skeleton (D:9)
  6 plants (D:8)
9 creatures vanquished.

Grand Total: 300 creatures vanquished

Notes
Turn   | Place    | Note
--------------------------------------------------------------
     0 | D:1      | Kuldar the Minotaur Chaos Knight began the quest for the Orb.
     0 | D:1      | Reached XP level 1. HP: 19/19 MP: 0/0
    45 | D:1      | XOM: divination: detect items
    63 | D:1      | XOM: potion effect (invisibility)
   156 | D:1      | Reached XP level 2. HP: 27/27 MP: 1/1
   326 | D:1      | XOM: divination: detect items
   331 | D:1      | XOM is BORED!
   331 | D:1      | XOM: medium Hex miscast
   547 | D:1      | Reached skill level 4 in Fighting
   897 | D:2      | Reached XP level 3. HP: 29/33 MP: 2/2
  1010 | D:2      | Noticed Ijyb
  1012 | D:2      | XOM: confuse monster(s)
  1069 | D:2      | Found a sparkling altar of Nemelex Xobeh.
  1073 | D:2      | Found a basalt altar of Yredelemnul.
  1081 | D:2      | Found an iron altar of Okawaru.
  1282 | D:2      | Noticed Natasha
  1282 | D:2      | XOM: summons 3 friendly demons
  1288 | D:2      | Killed Natasha
  1288 | D:2      | Reached XP level 4. HP: 30/41 MP: 3/3
  1319 | D:2      | Killed Ijyb
  1344 | D:2      | Noticed Terence
  1357 | D:2      | Killed Terence
  1502 | D:2      | Noticed Natasha
  1509 | D:2      | Killed Natasha
  1694 | D:3      | Reached XP level 5. HP: 43/47 MP: 4/4
  1756 | D:3      | Noticed Robin
  1804 | D:3      | Killed Robin
  1821 | D:3      | Gained mutation: You are weak. (Str -2) [mutagenic meat]
  1822 | D:3      | Gained mutation: You are robust (+10% HP). [mutagenic meat]
  1823 | D:3      | Lost mutation: You are weak. (Str -2) [mutagenic meat]
  1832 | D:3      | Gained mutation: You are partially covered in large bone plates (AC +2, SH +2). [mutagenic meat]
  1833 | D:3      | Gained mutation: You have a pair of large horns on your head. [mutagenic meat]
  2216 | D:3      | Noticed a centaur
  2225 | D:3      | Killed a centaur
  2225 | D:3      | Reached skill level 5 in Fighting
  2399 | D:3      | Reached XP level 6. HP: 49/61 MP: 5/5
  2545 | D:3      | Noticed Crazy Yiuf
  2553 | D:3      | Killed Crazy Yiuf
  2856 | D:4      | XOM: divination: detect creatures
  2921 | D:4      | XOM: harmless Ice miscast
  3003 | D:4      | Reached skill level 5 in Long Blades
  3027 | D:4      | XOM: silly message
  3230 | D:4      | Found an opulent altar of Gozag.
  3246 | D:4      | Noticed Sigmund
  3257 | D:4      | XOM: potion effect (berserk rage)
  3258 | D:4      | Killed Sigmund
  3258 | D:4      | Reached skill level 5 in Armour
  3258 | D:4      | Reached skill level 1 in Shields
  3258 | D:4      | Reached XP level 7. HP: 59/68 MP: 6/6
  3359 | D:4      | XOM: harmless Trmt miscast
  3777 | D:5      | Entered Level 5 of the Dungeon
  3784 | D:5      | XOM: potion effect (invisibility)
  3890 | D:5      | Reached skill level 6 in Fighting
  3944 | D:5      | XOM: mild Tloc miscast
  4142 | D:5      | XOM: colour smoke trail
  4154 | D:5      | Got a distressingly furry ring mail
  4165 | D:5      | Identified the +5 ring mail "Vojae" {rN+} (You found it on level 5 of the Dungeon)
  4329 | D:5      | Noticed Edmund
  4335 | D:5      | Killed Edmund
  4392 | D:5      | XOM: mild Fire miscast
  4526 | D:5      | Found a staircase to the Ecumenical Temple.
  4582 | D:5      | Found a blossoming altar of Fedhas.
  4793 | D:6      | Reached XP level 8. HP: 78/78 MP: 7/7
  4832 | D:6      | Reached skill level 5 in Dodging
  4863 | D:6      | XOM: enchant monster (good)
  4922 | D:6      | XOM: enchant monster (bad)
  5154 | D:6      | Reached skill level 7 in Fighting
  5171 | D:6      | XOM is BORED!
  5171 | D:6      | XOM: harmless Conj miscast
  5295 | D:7      | Identified the Disquisition on Calling
  5313 | D:7      | XOM: potion effect (haste)
  5341 | D:7      | Noticed Menkaure
  5352 | D:7      | Killed Menkaure
  5414 | D:7      | XOM: give mutation
  5414 | D:7      | Gained mutation: You are agile. (Dex +2) [Xom's grace]
  5439 | D:7      | XOM: 9-stop teleportation journey
  5631 | D:7      | Reached skill level 5 in Shields
  5679 | D:7      | Reached XP level 9. HP: 86/86 MP: 8/8
  5769 | D:7      | Found a shattered altar of Ashenzari.
  5860 | D:7      | XOM: mild Pois miscast
  5914 | D:7      | XOM: god gift: club {god gift}
  5938 | D:7      | XOM: polymorph orc priest -> iguana
  6039 | D:7      | Reached skill level 8 in Fighting
  6126 | D:7      | XOM: god gift: box of beasts
  6190 | D:8      | XOM: stealth player
  6269 | D:8      | Identified the Almanac of Cold
  6329 | D:8      | Noticed Erica
  6351 | D:8      | XOM: polymorph Erica -> Erica
  6354 | D:8      | XOM: enchant monster (good)
  6360 | D:8      | Noticed a cyclops
  6369 | D:8      | Noticed a three-headed hydra
  6782 | D:8      | Found an iron altar of Okawaru.
  6805 | D:8      | XOM: enchant monster (good)
  6807 | D:8      | Killed Erica
  6807 | D:8      | Reached XP level 10. HP: 93/99 MP: 9/9
  6816 | D:8      | XOM: summons 9 friendly demons
  6818 | D:8      | Killed a cyclops
  6825 | D:8      | Reached skill level 9 in Fighting
  6928 | D:8      | Found a bloodstained altar of Trog.
  6941 | D:8      | XOM: mild Ice miscast
  7286 | D:9      | XOM: harmless Tloc miscast
  7450 | D:9      | XOM: colour smoke trail
  7465 | D:9      | XOM: harmless Fire miscast
  7521 | D:9      | XOM: divination: magic mapping
  7531 | D:9      | XOM: confuse monster(s)
  7546 | D:9      | XOM: noise
  7585 | D:9      | Noticed Pikel
  7587 | D:9      | XOM: divination: magic mapping
  7589 | D:9      | XOM: potion effect (berserk rage)
  7598 | D:9      | Killed Pikel
  7693 | D:9      | XOM: harmless Tloc miscast
  7752 | D:9      | Noticed Maurice
  7758 | D:9      | Killed Maurice
  7917 | D:9      | Noticed Joseph
  7931 | D:9      | Gained mutation: Your mind is acute. (Int +2) [potion of beneficial mutation]
  7933 | D:9      | Killed Joseph
  7984 | D:9      | Killed an unseen horror
  7984 | D:9      | Reached skill level 10 in Fighting
  7984 | D:9      | Reached skill level 10 in Long Blades
  7984 | D:9      | Reached XP level 11. HP: 100/108 MP: 10/10
  8081 | D:10     | Entered Level 10 of the Dungeon
  8246 | D:10     | XOM: silly message
  8365 | D:10     | Noticed a hill giant
  8374 | D:10     | Killed a hill giant
  8413 | D:10     | Reached skill level 10 in Armour
  8429 | D:10     | XOM: noise
  8438 | D:10     | XOM: divination: detect creatures
  8518 | D:10     | XOM: blink monster(s)
  8535 | D:10     | XOM: confusion (+ monsters)
  8546 | D:10     | XOM: silly message
  8577 | D:10     | XOM: summons 9 friendly demons
  8690 | D:11     | XOM: polymorph orc -> adder
  8776 | D:11     | XOM: harmless Tloc miscast
  8975 | D:11     | XOM: summons friendly white imp
  8979 | D:11     | XOM: smoke on damage
  9235 | D:11     | Noticed a five-headed hydra
  9235 | D:11     | XOM: fog
  9240 | D:11     | XOM: enchant monster (good)
  9242 | D:11     | Killed a two-headed hydra
  9289 | D:11     | XOM: god gift: pearl ring {god gift}
  9372 | D:11     | XOM: summons 5 friendly demons
  9383 | D:11     | XOM: medium Erth miscast
  9409 | D:11     | XOM: polymorph centaur -> sheep
  9414 | D:11     | Reached skill level 11 in Fighting
  9468 | D:12     | Noticed a hill giant
  9477 | D:12     | Noticed a rakshasa
  9487 | D:12     | XOM: polymorph mottled dragon -> spider
  9512 | D:12     | Killed a hill giant
  9529 | D:12     | XOM: cast spell 'Metabolic Englaciation'
  9558 | D:12     | Noticed a four-headed hydra
  9581 | D:12     | Killed a nine-headed hydra
  9581 | D:12     | Reached XP level 12. HP: 16/121 MP: 11/11
  9582 | D:12     | Reached skill level 10 in Shields
  9582 | D:12     | XOM: swap monsters
  9586 | D:12     | Slain by a red ugly thing

Vault maps used:
D:1:      dpeg_arrival_chase, roderic_lattice_a
D:2:      minmay_overflow_temple_star_quad, uniq_terence, uniq_iyjb,
          uniq_natasha
D:3:      uniq_robin, uniq_crazy_yiuf_cottage
D:4:      kennysheep_mini_moat, first_bread, serial_corexii_hall,
          corexii_hall_statues_i, corexii_hall_statues_i,
          corexii_hall_statues_i, corexii_hall_statues_x, uniq_sigmund
D:5:      fedhas_altar_4, temple_hall, uniq_edmund
D:6:      kennysheep_generic_room_10
D:7:      kennysheep_mini, uniq_menkaure
D:8:      kennysheep_little_box, erik_lair_island, serial_shops, shop,
          hangedman_ranch, okawaru_altar_gauntlet_db, uniq_erica
D:9:      uniq_maurice, uniq_joseph, uniq_pikel
D:10:     minmay_misc_feat_pillars
D:11:     minmay_misc_feat_tiny, centaur_isle
D:12:     minmay_quarter_circles, orc_0_dummy

Action                   |  1- 3 |  4- 6 |  7- 9 | 10-12 || total
-------------------------+-------+-------+-------+-------++-------
Melee: Falchion          |    79 |   142 |   285 |   416 ||   922
       Club              |       |       |    20 |    20 ||    40
       Mace              |       |       |       |    39 ||    39
       Scimitar          |       |       |       |    11 ||    11
       War axe           |       |       |       |     4 ||     4
 Abil: Evoke Flight      |       |       |       |     2 ||     2
Evoke: Box of beasts     |       |       |     3 |     1 ||     4
  Use: Scroll            |       |     8 |     6 |     7 ||    21
       Potion            |       |       |     6 |     9 ||    15
 Stab: Confused          |     2 |     1 |       |     4 ||     7
       Paralysed         |       |     3 |     3 |     4 ||    10
       Petrifying        |       |       |     3 |     1 ||     4
       Petrified         |       |       |     2 |       ||     2
       Distracted        |       |       |       |     1 ||     1
  Eat: Chunk             |     1 |    13 |    10 |    13 ||    37
       Beef jerky        |       |       |     1 |       ||     1
